AoeStats
← Furious Destroyer

Arena

509796233Analyzed
4v4 RM · 4d ago on Sep 28, 2026· 32m 50s· 8 players
Game mode
Random Map
Map size
Large (8 player)
Population
200
Speed
Normal
Resources
Standard
Victory
Conquest
Starting age
Dark Age
Ending age
Imperial Age
RankedLock teamsTeams togetherTeam positionsShared explorationLock speedFull tech treeHidden civsTurbo modeCheats
Victory
Defeat
🇨🇳 Danes · China
985
+5
🇺🇸 Britons · United States
816
+10
🇺🇸 Celts · United States
806
+10
🇺🇸 Spanish · United States
687
+24
🇺🇸 Malians · United States
711
-12
🇬🇧 Franks · United Kingdom
701
-11
🇦🇷 Teutons · Argentina
642
-8
🇵🇪 Vietnamese · Peru
627
-8
Lucasavend
0:39 Loom
13:31 Feudal Age
22:56 Castle Age
22:58 Wheelbarrow
22:10 Town Watch
22:29 Stone Mining
23:37 Double-Bit Axe
24:05 Horse Collar
29:28 Imperial Age
29:04 Pikeman
29:46 Squires
29:56 Scale Mail Armor
30:07 Forging
30:38 Bow Saw
31:45 Gambesons
31:46 Arson
Zukomazi
12:38 Feudal Age
13:50 Double-Bit Axe
13:50 Horse Collar
15:34 Loom
15:41 Town Watch
18:07 Castle Age
19:22 Heavy Plow
19:35 Bow Saw
22:20 Stone Mining
22:21 Gold Mining
27:34 Wheelbarrow
31:24 Imperial Age
29:51 Gold Shaft Mining
31:06 Scale Mail Armor
31:16 Forging
31:48 Hand Cart
31:06 Pikeman
31:46 Squires
31:32 Arson
Althair
12:08 Feudal Age
12:41 Double-Bit Axe
12:44 Horse Collar
17:08 Wheelbarrow
16:25 Town Watch
24:23 Castle Age
22:55 Stone Mining
22:57 Gold Mining
25:17 Bow Saw
25:54 Hand Cart
30:46 Squires
30:07 Pikeman
31:39 Heavy Plow
athmaniac
2:50 Loom
12:30 Feudal Age
14:25 Double-Bit Axe
18:42 Castle Age
20:55 Scale Mail Armor
21:05 Forging
23:08 Pikeman
26:12 Stone Mining
27:14 Gold Mining
32:22 Squires
marin
12:00 Feudal Age
16:17 Loom
18:59 Castle Age
17:14 Double-Bit Axe
17:19 Horse Collar
21:20 Wheelbarrow
20:31 Town Watch
20:50 Gold Mining
20:51 Stone Mining
23:20 Gold Shaft Mining
23:12 Bow Saw
24:08 Hand Cart
24:02 Fletching
24:13 Padded Archer Armor
26:28 Town Patrol
29:27 Ballistics
28:44 Crossbowman
29:22 Bodkin Arrow
29:43 Leather Archer Armor
32:24 Yeomen
Furious Destroyer
6:11 Loom
12:51 Feudal Age
14:56 Horse Collar
19:46 Castle Age
19:40 Scale Barding Armor
20:52 Chain Barding Armor
20:42 Forging
22:19 Light Cavalry
24:13 Wheelbarrow
25:23 Bloodlines
25:14 Husbandry
29:27 Double-Bit Axe
31:04 Stone Mining
欲火银河
11:58 Feudal Age
15:48 Castle Age
14:01 Double-Bit Axe
14:00 Horse Collar
17:02 Wheelbarrow
18:03 Bow Saw
22:46 Gold Mining
24:11 Heavy Plow
24:53 Gold Shaft Mining
29:46 Imperial Age
27:34 Hand Cart
27:59 Scale Mail Armor
28:09 Forging
29:25 Chain Mail Armor
30:52 Siege Engineers
31:08 Ballistics
31:44 Iron Casting
32:07 Conscription
SimonAM
11:26 Feudal Age
11:57 Double-Bit Axe
11:55 Horse Collar
13:48 Wheelbarrow
19:38 Castle Age
19:49 Man-at-Arms
21:31 Hand Cart
24:31 Bow Saw
25:01 Long Swordsman
25:32 Gambesons
26:35 Fortified Wall
26:55 Heavy Plow
27:34 Scale Mail Armor
27:45 Forging
27:33 Gold Mining
27:33 Stone Mining
28:49 Chain Mail Armor
30:20 Iron Casting
33:44 Imperial Age
Connection lost

Rejoining the realm…

Still unreachable

The connection could not be restored.

Session expired

The server has moved on; the page needs a fresh start.